Maple Leafs vs Canadiens
(R1)
Created - December 8, 2019 at 21:40
Goals
|
| Maple Leafs |
2 |
1 |
2 |
0 |
5 |
| Canadiens |
1 |
0 |
4 |
1 |
6 |
|
Shots
|
| Maple Leafs |
12 |
8 |
14 |
0 |
34 |
| Canadiens |
12 |
10 |
12 |
1 |
35 |
|
1st period
1. Canadiens , Frans Nielsen 4 (Greg Stewart 5, Vitaly Vishnevsky 8) at 1:11 (PP)
2. Maple Leafs , Patrick Kane 17 (Fabian Brunnstrom 6, Jordan Staal 14) at 7:39 (PP)
3. Maple Leafs , Jordan Staal 9 (Ben Smith 7) at 16:04
Penalties :
Ben Smith (Tor) for Tripping (Minor) at 0:40, Dustin Boyd (Mon) for Holding (Minor) at 6:43, Braydon Coburn (Tor) for Hooking (Minor) at 8:41
2nd period
4. Maple Leafs , Alex Killorn 2 (Nate Thompson 2, Taylor Chorney 6) at 9:22
Penalties :
Blake Comeau (Tor) for Interference (Minor) at 4:33, Vitaly Vishnevsky (Mon) for Holding (Minor) at 12:29, Colton Parayko (Mon) for Tripping (Minor) at 18:44
3rd period
5. Canadiens , Corey Perry 10 (Colton Parayko 11, Mark Stuart 6) at 2:43
6. Canadiens , Benoit Pouliot 16 (Henrik Sedin 18, Corey Perry 20) at 4:20 (PP)
7. Maple Leafs , Jordan Staal 10 (Kevin Shattenkirk 11) at 6:02
8. Canadiens , Corey Perry 11 (Benoit Pouliot 21, Shaone Morrisonn 6) at 7:44
9. Maple Leafs , Jake Guentzel 1 (Patrick Kane 18, Ryan Parent 1) at 8:59
10. Canadiens , Greg Stewart 6 (Frans Nielsen 8) at 14:05
Penalties :
Marc-Édouard Vlasic (Tor) for Hooking (Minor) at 4:08, Braydon Coburn (Tor) for Slashing (Minor) at 10:09, Braydon Coburn (Tor) for Interference (Minor) at 15:01
Overtime #1
11. Canadiens , Benoit Pouliot 17 (Henrik Sedin 19, Pierre-Marc Bouchard 7) at 0:44
Penalties :
No Penalty
Goalie Stats
Marc-André Fleury (Tor), 29 saves from 35 shots - (0.829), OTL, 9-6-3, 60:44 minutes
Henrik Lundqvist (Mon), 29 saves from 34 shots - (0.853), W, 9-4-4, 60:44 minutes
Players Stats for Maple Leafs
Player Name G A P +/- PIM S H SB GA TA FO MP PP MP PK MP
------------------------------------------------------------------------------------
Alex Killorn 1 0 1 0 0 3 1 0 0 0 0/0 7:50 0:00 0:00
Beau Bennett 0 0 0 0 0 0 2 0 2 0 0/0 9:01 0:00 0:00
Ben Smith 0 1 1 1 2 3 2 0 3 1 0/0 18:32 2:20 4:17
Blake Comeau 0 0 0 0 2 0 1 0 0 0 0/0 8:19 0:00 0:00
Brayden Schenn 0 0 0 0 0 2 1 2 0 0 5/16 16:44 2:20 4:41
Braydon Coburn 0 0 0 1 6 0 3 1 2 0 0/0 16:29 0:00 1:32
Eric Nystrom 0 0 0 0 0 4 1 0 0 0 1/1 16:36 2:20 2:08
Fabian Brunnstrom 0 1 1 0 0 2 2 0 0 0 0/0 11:35 2:34 0:00
Jake Guentzel 1 0 1 -1 0 1 3 0 0 1 9/27 16:58 0:00 0:00
John Klingberg 0 0 0 -1 0 1 3 0 0 2 0/0 25:14 3:21 0:14
Jordan Staal 2 1 3 1 0 5 0 0 0 0 9/21 17:57 2:34 3:40
Kevin Shattenkirk 0 1 1 0 0 2 2 0 1 1 0/0 28:49 3:21 3:52
Marc-Édouard Vlasic 0 0 0 -1 2 2 1 0 0 0 0/0 15:33 1:33 1:26
Nate Thompson 0 1 1 0 0 2 0 0 0 0 1/4 9:34 0:00 0:18
Patrick Kane 1 1 2 0 0 3 1 1 3 0 1/1 21:52 2:34 2:14
Ryan Parent 0 1 1 0 0 2 1 1 0 0 0/0 17:46 1:33 4:24
Taylor Chorney 0 1 1 1 0 0 0 2 1 1 0/0 19:00 0:00 5:50
Taylor Hall 0 0 0 0 0 2 1 0 0 0 0/0 16:22 0:00 0:00
Players Stats for Canadiens
Player Name G A P +/- PIM S H SB GA TA FO MP PP MP PK MP
------------------------------------------------------------------------------------
Benoit Pouliot 2 1 3 2 0 8 4 0 0 0 0/0 21:40 4:52 0:51
Brett Maclean 0 0 0 0 0 2 0 0 0 0 0/0 9:25 0:06 0:00
Bryce Lampman 0 0 0 -1 0 0 2 3 0 1 0/0 16:10 3:19 0:38
Colton Parayko 0 1 1 1 2 1 1 2 0 0 0/0 27:19 5:20 1:15
Corey Perry 2 1 3 1 0 4 1 0 1 0 2/2 21:11 4:52 0:00
Dustin Boyd 0 0 0 0 2 1 1 0 1 0 4/11 12:19 0:14 2:33
Enver Lisin 0 0 0 0 0 3 0 0 0 1 0/0 9:48 0:06 0:00
Frans Nielsen 1 1 2 -1 0 3 0 0 1 0 7/15 17:51 3:41 2:05
Greg Stewart 1 1 2 -1 0 1 1 0 0 0 1/1 16:18 3:41 0:43
Henrik Sedin 0 2 2 2 0 3 1 0 1 1 26/36 20:44 4:44 0:16
Mark Stuart 0 1 1 2 0 3 1 1 0 3 0/0 24:07 0:00 3:01
Nikolai Zherdev 0 0 0 -1 0 0 0 0 0 0 0/0 9:18 0:00 0:00
Pierre-Marc Bouchard 0 1 1 -1 0 2 1 0 1 0 3/4 9:55 0:00 0:00
Raphael Diaz 0 0 0 -1 0 1 1 0 0 2 0/0 22:24 5:20 3:01
Shaone Morrisonn 0 1 1 -1 0 0 1 0 0 0 0/0 15:43 0:00 1:53
Steve Downie 0 0 0 -1 0 1 1 0 1 2 1/1 18:14 3:41 3:20
Viktor Stalberg 0 0 0 -1 0 2 0 0 0 0 0/0 9:18 0:00 0:00
Vitaly Vishnevsky 0 1 1 0 2 0 2 0 0 2 0/0 16:15 3:19 0:00
3 Stars
1 - Benoit Pouliot (Mon)
2 - Corey Perry (Mon)
3 - Jordan Staal (Tor)
Power Play
Maple Leafs - 1 on 3 Attempt(s) - 33.33%
Canadiens - 2 on 6 Attempt(s) - 33.33%
Penalty Kill
Maple Leafs - 4 on 6 Attempt(s) - 66.67%
- Score 0 goal in Penalty Kill
Canadiens - 2 on 3 Attempt(s) - 66.67%
- Score 0 goal in Penalty Kill
Team Stat
Maple Leafs - Hits : 25 - Faceoff Wins : 26 - Blocked Shots : 7 - Penalty Minutes : 12
Canadiens - Hits : 18 - Faceoff Wins : 44 - Blocked Shots : 6 - Penalty Minutes : 6
Official
Referees : Unknown
Linesman : Unknown
Game Notes
12:42 of 3rd period - Canadiens goal is going for a video replay. After video review, No Goal. The goalkeeper has been pushed into the net together with the puck after making a save.
Finance
Level 1 -- Attendance: 5964 (99.40%) -- Ticket Income $548,688
Level 2 -- Attendance: 5000 (100.00%) -- Ticket Income $285,000
Level 3 -- Attendance: 2000 (100.00%) -- Ticket Income $72,000
Level 4 -- Attendance: 3622 (90.55%) -- Ticket Income $108,660
Luxury Box -- Attendance: 1000 (100.00%) -- Ticket Income $155,000
Game was played at the Centre Bell.
Total Attendance: 17586 (97.70%)
Total Ticket Income: $1,169,348
Other Income: $175,402
Total Income: $1,344,750
Maple Leafs
5 vs 5 Forward
Center Left Wing Right Wing Time % Phy DF OF
1 Jake Guentzel Taylor Hall Patrick Kane 40 1 1 3
2 Jordan Staal Eric Nystrom Ben Smith 30 1 2 2
3 Brayden Schenn Fabian Brunnstrom Beau Bennett 20 1 2 2
4 Nate Thompson Alex Killorn Blake Comeau 10 1 3 1
5 vs 5 Defense
Defense Defense Time % Phy DF OF
1 Kevin Shattenkirk John Klingberg 40 1 1 3
2 Braydon Coburn Taylor Chorney 30 1 3 1
3 Marc-Édouard Vlasic Ryan Parent 20 1 2 2
4 Kevin Shattenkirk John Klingberg 10 1 1 3
PowerPlay Forward
Center Left Wing Right Wing Time % Phy DF OF
1 Jordan Staal Fabian Brunnstrom Patrick Kane 60 0 1 4
2 Brayden Schenn Eric Nystrom Ben Smith 40 0 1 4
PowerPlay Defense
Defense Defense Time % Phy DF OF
1 Kevin Shattenkirk John Klingberg 60 0 1 4
2 Marc-Édouard Vlasic Ryan Parent 40 0 1 4
Penalty Kill 4 Players Forward
Center Wing Time % Phy DF OF
1 Brayden Schenn Ben Smith 60 1 3 1
2 Jordan Staal Patrick Kane 40 1 3 1
Penalty Kill 4 Players Defense
Defense Defense Time % Phy DF OF
1 Braydon Coburn Taylor Chorney 60 1 3 1
2 Ryan Parent Kevin Shattenkirk 40 1 3 1
Penalty Kill - 3 Players Forward
Forward Time % Phy DF OF
1 Brayden Schenn 60 1 4 0
2 Jordan Staal 40 1 4 0
Penalty Kill - 3 Players Defense
Defense Defense Time % Phy DF OF
1 Braydon Coburn Taylor Chorney 60 1 4 0
2 Ryan Parent Kevin Shattenkirk 40 1 4 0
4 vs 4 Forward
Center Wing Time % Phy DF OF
1 Jordan Staal Patrick Kane 60 1 2 2
2 Brayden Schenn Ben Smith 40 1 2 2
4 vs 4 Defense
Defense Defense Time % Phy DF OF
1 Kevin Shattenkirk Braydon Coburn 60 1 2 2
2 John Klingberg Marc-Édouard Vlasic 40 1 2 2
Last Minutes Offensive
Center Left Wing Right Wing Defense Defense
Jordan Staal Taylor Hall Patrick Kane Kevin Shattenkirk John Klingberg
Last Minutes Defensive
Center Left Wing Right Wing Defense Defense
Jordan Staal Eric Nystrom Patrick Kane Braydon Coburn Taylor Chorney
Goaltenders
Starting : Marc-André Fleury
Backup : Tyler Weiman
Extra Forwards
Normal : Jordan Staal, Jake Guentzel, Patrick Kane - PP : Brayden Schenn, Ben Smith - PK : Ben Smith
Extra Defensemen
Normal : John Klingberg, Marc-Édouard Vlasic, Kevin Shattenkirk - PP : Marc-Édouard Vlasic - PK : Ryan Parent, Kevin Shattenkirk
Penalty Shots
Patrick Kane, Jake Guentzel, Taylor Hall, Jordan Staal, Fabian Brunnstrom
Scratches
Mark Scheifele (Right Wrist Injury)
Canadiens
5 vs 5 Forward
Center Left Wing Right Wing Time % Phy DF OF
1 Henrik Sedin Benoit Pouliot Corey Perry 40 0 1 4
2 Frans Nielsen Greg Stewart Steve Downie 30 0 1 4
3 Dustin Boyd Brett Maclean Enver Lisin 20 0 1 4
4 Pierre-Marc Bouchard Viktor Stalberg Nikolai Zherdev 10 1 2 2
5 vs 5 Defense
Defense Defense Time % Phy DF OF
1 Mark Stuart Colton Parayko 40 0 3 2
2 Shaone Morrisonn Raphael Diaz 30 0 3 2
3 Bryce Lampman Vitaly Vishnevsky 20 0 3 2
4 Colton Parayko Mark Stuart 10 0 2 3
PowerPlay Forward
Center Left Wing Right Wing Time % Phy DF OF
1 Henrik Sedin Benoit Pouliot Corey Perry 60 1 2 2
2 Frans Nielsen Greg Stewart Steve Downie 40 1 2 2
PowerPlay Defense
Defense Defense Time % Phy DF OF
1 Raphael Diaz Colton Parayko 60 1 2 2
2 Vitaly Vishnevsky Bryce Lampman 40 1 2 2
Penalty Kill 4 Players Forward
Center Wing Time % Phy DF OF
1 Dustin Boyd Steve Downie 60 1 2 2
2 Frans Nielsen Greg Stewart 40 1 2 2
Penalty Kill 4 Players Defense
Defense Defense Time % Phy DF OF
1 Mark Stuart Raphael Diaz 60 1 2 2
2 Shaone Morrisonn Colton Parayko 40 1 2 2
Penalty Kill - 3 Players Forward
Forward Time % Phy DF OF
1 Henrik Sedin 60 1 2 2
2 Dustin Boyd 40 1 2 2
Penalty Kill - 3 Players Defense
Defense Defense Time % Phy DF OF
1 Bryce Lampman Mark Stuart 60 1 2 2
2 Shaone Morrisonn Raphael Diaz 40 1 2 2
4 vs 4 Forward
Center Wing Time % Phy DF OF
1 Pierre-Marc Bouchard Corey Perry 60 1 2 2
2 Henrik Sedin Benoit Pouliot 40 1 2 2
4 vs 4 Defense
Defense Defense Time % Phy DF OF
1 Vitaly Vishnevsky Mark Stuart 60 1 2 2
2 Shaone Morrisonn Mark Stuart 40 1 2 2
Last Minutes Offensive
Center Left Wing Right Wing Defense Defense
Frans Nielsen Benoit Pouliot Corey Perry Raphael Diaz Vitaly Vishnevsky
Last Minutes Defensive
Center Left Wing Right Wing Defense Defense
Frans Nielsen Greg Stewart Steve Downie Shaone Morrisonn Mark Stuart
Goaltenders
Starting : Henrik Lundqvist
Backup : Allen York
Extra Forwards
Normal : Corey Perry, Benoit Pouliot, Frans Nielsen - PP : Corey Perry, Benoit Pouliot - PK : Steve Downie
Extra Defensemen
Normal : Colton Parayko, Mark Stuart, Raphael Diaz - PP : Vitaly Vishnevsky - PK : Shaone Morrisonn, Mark Stuart
Penalty Shots
Corey Perry, Frans Nielsen, Greg Stewart, Benoit Pouliot, Henrik Sedin
Scratches
None
% Time on Ice - Maple Leafs
Lines # - Real PCT - Wanted PCT - Time Play
Normal Forward
1 - 39% - 40% - 18:12
2 - 25% - 30% - 11:24
3 - 19% - 20% - 9:01
4 - 17% - 10% - 7:50
Normal Defense
1 - 43% - 40% - 20:12
2 - 30% - 30% - 14:08
3 - 21% - 20% - 9:48
4 - 5% - 10% - 2:19
PP Forward
1 - 52% - 60% - 2:34
2 - 48% - 40% - 2:20
PP Defense
1 - 68% - 60% - 3:21
2 - 32% - 40% - 1:33
PK Forward
1 - 74% - 60% - 6:25
2 - 26% - 40% - 2:14
PK Defense
1 - 80% - 60% - 6:55
2 - 20% - 40% - 1:44
PK3 Forward
1 - 0% - 60%
2 - 0% - 40%
PK3 Defense
1 - 0% - 60%
2 - 0% - 40%
44 Forward
1 - 100% - 60% - 0:44
2 - 0% - 40% - 0:00
44 Defense
1 - 77% - 60% - 0:34
2 - 23% - 40% - 0:10
Last Minute Offensive - 0:00
Last Minute Defensive - 0:00
Total
Forward - 60:44
Defense - 60:44
|
% Time on Ice - Canadiens
Lines # - Real PCT - Wanted PCT - Time Play
Normal Forward
1 - 35% - 40% - 16:06
2 - 25% - 30% - 11:45
3 - 20% - 20% - 9:18
4 - 20% - 10% - 9:18
Normal Defense
1 - 41% - 40% - 18:50
2 - 34% - 30% - 15:54
3 - 22% - 20% - 10:09
4 - 3% - 10% - 1:34
PP Forward
1 - 57% - 60% - 4:58
2 - 43% - 40% - 3:41
PP Defense
1 - 62% - 60% - 5:20
2 - 38% - 40% - 3:19
PK Forward
1 - 85% - 60% - 4:11
2 - 15% - 40% - 0:43
PK Defense
1 - 62% - 60% - 3:01
2 - 38% - 40% - 1:53
PK3 Forward
1 - 0% - 60%
2 - 0% - 40%
PK3 Defense
1 - 0% - 60%
2 - 0% - 40%
44 Forward
1 - 84% - 60% - 0:37
2 - 16% - 40% - 0:07
44 Defense
1 - 100% - 60% - 0:44
2 - 0% - 40% - 0:00
Last Minute Offensive - 0:00
Last Minute Defensive - 0:00
Total
Forward - 60:44
Defense - 60:44
|
Play-by-Play
1st period
0:01 of 1st period - Jake Guentzel wins face-off versus Henrik Sedin in neutral zone.
0:40 of 1st period - Minor Penalty to Ben Smith for Tripping.
0:41 of 1st period - Henrik Sedin wins face-off versus Brayden Schenn in Maple Leafs zone.
0:57 of 1st period - Wrist shot by Benoit Pouliot.
0:57 of 1st period - Stopped by Marc-André Fleury without a rebound.
0:58 of 1st period - Jordan Staal wins face-off versus Frans Nielsen in Maple Leafs zone.
1:11 of 1st period - Backhand shot by Frans Nielsen.
1:11 of 1st period - Goal by Frans Nielsen - Maple Leafs : 0 - Canadiens : 1.
1:12 of 1st period - Brayden Schenn wins face-off versus Dustin Boyd in neutral zone.
2:24 of 1st period - Nikolai Zherdev is hit by Ryan Parent and loses puck.
2:31 of 1st period - Wrist shot by Alex Killorn.
2:31 of 1st period - Shot Blocked by Bryce Lampman.
2:33 of 1st period - Wrist shot by Marc-Édouard Vlasic.
2:33 of 1st period - Stopped by Henrik Lundqvist with a rebound.
2:47 of 1st period - Snap shot by Patrick Kane.
2:47 of 1st period - Stopped by Henrik Lundqvist with a rebound.
2:53 of 1st period - Wrist shot by Patrick Kane.
2:53 of 1st period - Shot Blocked by Bryce Lampman.
3:03 of 1st period - Snap shot by Beau Bennett.
3:03 of 1st period - Shot Blocked by Bryce Lampman.
3:05 of 1st period - Wrist shot by Brayden Schenn.
3:05 of 1st period - Stopped by Henrik Lundqvist with a rebound.
3:07 of 1st period - Slapshot by Ryan Parent.
3:07 of 1st period - Stopped by Henrik Lundqvist with a rebound.
3:09 of 1st period - Wrist shot by Fabian Brunnstrom.
3:09 of 1st period - Deflect By Brayden Schenn.
3:09 of 1st period - Shot Misses the Net.
3:09 of 1st period - Puck is out of play.
3:10 of 1st period - Henrik Sedin wins face-off versus Brayden Schenn in Canadiens zone.
3:31 of 1st period - Marc-Édouard Vlasic is hit by Benoit Pouliot and loses puck.
5:02 of 1st period - Slapshot by Fabian Brunnstrom.
5:02 of 1st period - Stopped by Henrik Lundqvist with a rebound.
5:26 of 1st period - Shaone Morrisonn is hit by Marc-Édouard Vlasic and loses puck.
5:41 of 1st period - Taylor Chorney is hit by Henrik Sedin and loses puck.
5:50 of 1st period - Wrist shot by Henrik Sedin.
5:50 of 1st period - Shot Blocked by Patrick Kane.
6:19 of 1st period - Icing by Brett Maclean.
6:20 of 1st period - Brayden Schenn wins face-off versus Dustin Boyd in Canadiens zone.
6:43 of 1st period - Minor Penalty to Dustin Boyd for Holding.
6:44 of 1st period - Jordan Staal wins face-off versus Frans Nielsen in Canadiens zone.
6:51 of 1st period - Snap shot by Jordan Staal.
6:51 of 1st period - Stopped by Henrik Lundqvist with a rebound.
6:53 of 1st period - Snap shot by Jordan Staal.
6:53 of 1st period - Shot Misses the Net.
7:37 of 1st period - Snap shot by Jordan Staal.
7:37 of 1st period - Shot Blocked by Colton Parayko.
7:39 of 1st period - Snap shot by Fabian Brunnstrom.
7:39 of 1st period - Deflect By Patrick Kane.
7:39 of 1st period - Goal by Patrick Kane - Maple Leafs : 1 - Canadiens : 1.
7:40 of 1st period - Jake Guentzel wins face-off versus Henrik Sedin in neutral zone.
7:43 of 1st period - Colton Parayko is hit by Jake Guentzel.
7:55 of 1st period - Wrist shot by Benoit Pouliot.
7:55 of 1st period - Shot Misses the Net.
7:57 of 1st period - Slapshot by Mark Stuart.
7:57 of 1st period - Stopped by Marc-André Fleury without a rebound.
7:58 of 1st period - Eric Nystrom wins face-off versus Frans Nielsen in Maple Leafs zone.
8:05 of 1st period - Wrist shot by Ben Smith.
8:05 of 1st period - Shot Misses the Net.
8:25 of 1st period - Kevin Shattenkirk is hit by Benoit Pouliot and loses puck.
8:38 of 1st period - Snap shot by Corey Perry.
8:38 of 1st period - Stopped by Marc-André Fleury without a rebound.
8:39 of 1st period - Jordan Staal wins face-off versus Dustin Boyd in Maple Leafs zone.
8:41 of 1st period - Minor Penalty to Braydon Coburn for Hooking.
8:42 of 1st period - Henrik Sedin wins face-off versus Brayden Schenn in Maple Leafs zone.
10:10 of 1st period - Off-side.
10:11 of 1st period - Jordan Staal wins face-off versus Frans Nielsen in neutral zone.
10:41 of 1st period - Penalty to Braydon Coburn is over, Braydon Coburn is back on ice.
10:54 of 1st period - Kevin Shattenkirk is hit by Bryce Lampman and loses puck.
11:49 of 1st period - Snap shot by Ben Smith.
11:49 of 1st period - Stopped by Henrik Lundqvist with a rebound.
12:03 of 1st period - Raphael Diaz is hit by Blake Comeau and loses puck.
12:08 of 1st period - Wrist shot by Alex Killorn.
12:08 of 1st period - Shot Misses the Net.
12:31 of 1st period - Enver Lisin is hit by Fabian Brunnstrom and loses puck.
13:08 of 1st period - Wrist shot by Brett Maclean.
13:08 of 1st period - Stopped by Marc-André Fleury with a rebound.
13:10 of 1st period - Wrist shot by Enver Lisin.
13:10 of 1st period - Deflect By Brayden Schenn.
13:10 of 1st period - Stopped by Marc-André Fleury without a rebound.
13:11 of 1st period - Henrik Sedin wins face-off versus Jake Guentzel in Maple Leafs zone.
13:26 of 1st period - Off-side.
13:27 of 1st period - Jordan Staal wins face-off versus Frans Nielsen in neutral zone.
13:40 of 1st period - Snap shot by Jordan Staal.
13:40 of 1st period - Stopped by Henrik Lundqvist with a rebound.
13:42 of 1st period - Wrist shot by Eric Nystrom.
13:42 of 1st period - Stopped by Henrik Lundqvist with a rebound.
14:19 of 1st period - Blake Comeau is hit by Vitaly Vishnevsky and loses puck.
15:12 of 1st period - Patrick Kane is hit by Dustin Boyd and loses puck.
15:17 of 1st period - Snap shot by Enver Lisin.
15:17 of 1st period - Stopped by Marc-André Fleury without a rebound.
15:18 of 1st period - Jake Guentzel wins face-off versus Frans Nielsen in Maple Leafs zone.
15:29 of 1st period - Wrist shot by Taylor Hall.
15:29 of 1st period - Deflect By Patrick Kane.
15:29 of 1st period - Shot Misses the Net.
15:29 of 1st period - Puck is out of play.
15:30 of 1st period - Henrik Sedin wins face-off versus Jake Guentzel in Canadiens zone.
15:57 of 1st period - Steve Downie is hit by Kevin Shattenkirk and loses puck.
16:04 of 1st period - Slapshot by Jordan Staal.
16:04 of 1st period - Deflect By Mark Stuart.
16:04 of 1st period - Goal by Jordan Staal - Maple Leafs : 2 - Canadiens : 1.
16:05 of 1st period - Henrik Sedin wins face-off versus Jake Guentzel in neutral zone.
16:12 of 1st period - Snap shot by Benoit Pouliot.
16:12 of 1st period - Stopped by Marc-André Fleury without a rebound.
16:13 of 1st period - Henrik Sedin wins face-off versus Jake Guentzel in Maple Leafs zone.
16:34 of 1st period - Slapshot by Taylor Hall.
16:34 of 1st period - Shot Misses the Net.
16:40 of 1st period - Slapshot by Henrik Sedin.
16:40 of 1st period - Stopped by Marc-André Fleury without a rebound.
16:41 of 1st period - Frans Nielsen wins face-off versus Jordan Staal in Maple Leafs zone.
16:50 of 1st period - Wrist shot by Frans Nielsen.
16:50 of 1st period - Stopped by Marc-André Fleury with a rebound.
17:23 of 1st period - Snap shot by Dustin Boyd.
17:23 of 1st period - Shot Blocked by Brayden Schenn.
18:03 of 1st period - Snap shot by Viktor Stalberg.
18:03 of 1st period - Stopped by Marc-André Fleury with a rebound.
18:09 of 1st period - Slapshot by Kevin Shattenkirk.
18:09 of 1st period - Stopped by Henrik Lundqvist without a rebound.
18:10 of 1st period - Corey Perry wins face-off versus Jordan Staal in Canadiens zone.
18:58 of 1st period - Snap shot by Enver Lisin.
18:58 of 1st period - Stopped by Marc-André Fleury with a rebound.
19:26 of 1st period - Wrist shot by Benoit Pouliot.
19:26 of 1st period - Shot Blocked by Taylor Chorney.
Goals for this period are 2 for Maple Leafs vs 1 for Canadiens.
Shots for this period are 12 for Maple Leafs vs 12 for Canadiens.
2nd period
0:01 of 2nd period - Corey Perry wins face-off versus Jake Guentzel in neutral zone.
0:10 of 2nd period - Wrist shot by Henrik Sedin.
0:10 of 2nd period - Stopped by Marc-André Fleury with a rebound.
0:12 of 2nd period - Snap shot by Henrik Sedin.
0:12 of 2nd period - Shot Misses the Net.
0:14 of 2nd period - Snap shot by Colton Parayko.
0:14 of 2nd period - Shot Misses the Net.
0:16 of 2nd period - Snap shot by Mark Stuart.
0:16 of 2nd period - Stopped by Marc-André Fleury without a rebound.
0:17 of 2nd period - Frans Nielsen wins face-off versus Jordan Staal in Maple Leafs zone.
0:53 of 2nd period - Wrist shot by Beau Bennett.
0:53 of 2nd period - Deflect By Brayden Schenn.
0:53 of 2nd period - Shot Misses the Net.
0:53 of 2nd period - Puck is out of play.
0:54 of 2nd period - Henrik Sedin wins face-off versus Jake Guentzel in Canadiens zone.
0:54 of 2nd period - Henrik Sedin is hit by Taylor Hall.
1:22 of 2nd period - Wrist shot by Dustin Boyd.
1:22 of 2nd period - Shot Misses the Net.
1:26 of 2nd period - Snap shot by Brett Maclean.
1:26 of 2nd period - Stopped by Marc-André Fleury with a rebound.
1:28 of 2nd period - Slapshot by Shaone Morrisonn.
1:28 of 2nd period - Deflect By Enver Lisin.
1:28 of 2nd period - Shot Misses the Net.
1:28 of 2nd period - Puck is out of play.
1:29 of 2nd period - Greg Stewart wins face-off versus Jake Guentzel in Maple Leafs zone.
1:30 of 2nd period - Backhand shot by Steve Downie.
1:30 of 2nd period - Stopped by Marc-André Fleury without a rebound.
1:31 of 2nd period - Patrick Kane wins face-off versus Frans Nielsen in Maple Leafs zone.
1:36 of 2nd period - Greg Stewart is hit by John Klingberg and loses puck.
1:47 of 2nd period - Snap shot by Taylor Hall.
1:47 of 2nd period - Stopped by Henrik Lundqvist without a rebound.
1:48 of 2nd period - Henrik Sedin wins face-off versus Jordan Staal in Canadiens zone.
1:57 of 2nd period - Snap shot by Corey Perry.
1:57 of 2nd period - Shot Misses the Net.
2:37 of 2nd period - Slapshot by Kevin Shattenkirk.
2:37 of 2nd period - Stopped by Henrik Lundqvist without a rebound.
2:38 of 2nd period - Brayden Schenn wins face-off versus Dustin Boyd in Canadiens zone.
2:41 of 2nd period - Wrist shot by Brayden Schenn.
2:41 of 2nd period - Shot Misses the Net.
3:03 of 2nd period - Raphael Diaz is hit by Brayden Schenn and loses puck.
3:21 of 2nd period - Wrist shot by Brayden Schenn.
3:21 of 2nd period - Shot Misses the Net.
3:33 of 2nd period - Wrist shot by Dustin Boyd.
3:33 of 2nd period - Stopped by Marc-André Fleury without a rebound.
3:34 of 2nd period - Jake Guentzel wins face-off versus Henrik Sedin in Maple Leafs zone.
3:38 of 2nd period - Off-side.
3:39 of 2nd period - Henrik Sedin wins face-off versus Jake Guentzel in neutral zone.
3:42 of 2nd period - Snap shot by Benoit Pouliot.
3:42 of 2nd period - Shot Misses the Net.
4:33 of 2nd period - Minor Penalty to Blake Comeau for Interference.
4:34 of 2nd period - Henrik Sedin wins face-off versus Brayden Schenn in Maple Leafs zone.
4:34 of 2nd period - Slapshot by Benoit Pouliot.
4:34 of 2nd period - Stopped by Marc-André Fleury with a rebound.
4:36 of 2nd period - Wrist shot by Colton Parayko.
4:36 of 2nd period - Shot Misses the Net.
6:33 of 2nd period - Penalty to Blake Comeau is over, Blake Comeau is back on ice.
6:45 of 2nd period - Vitaly Vishnevsky is hit by Ben Smith and loses puck.
6:55 of 2nd period - Icing by Bryce Lampman.
6:56 of 2nd period - Pierre-Marc Bouchard wins face-off versus Jake Guentzel in Canadiens zone.
7:22 of 2nd period - Snap shot by Viktor Stalberg.
7:22 of 2nd period - Stopped by Marc-André Fleury without a rebound.
7:23 of 2nd period - Nate Thompson wins face-off versus Henrik Sedin in Maple Leafs zone.
7:28 of 2nd period - Slapshot by Kevin Shattenkirk.
7:28 of 2nd period - Shot Blocked by Colton Parayko.
8:37 of 2nd period - Mark Stuart is hit by Braydon Coburn.
9:20 of 2nd period - Snap shot by Nate Thompson.
9:20 of 2nd period - Stopped by Henrik Lundqvist with a rebound.
9:22 of 2nd period - Snap shot by Alex Killorn.
9:22 of 2nd period - Goal by Alex Killorn - Maple Leafs : 3 - Canadiens : 1.
9:23 of 2nd period - Henrik Sedin wins face-off versus Jordan Staal in neutral zone.
9:50 of 2nd period - John Klingberg is hit by Raphael Diaz and loses puck.
9:59 of 2nd period - Wrist shot by Frans Nielsen.
9:59 of 2nd period - Stopped by Marc-André Fleury without a rebound.
10:00 of 2nd period - Jordan Staal wins face-off versus Frans Nielsen in Maple Leafs zone.
10:33 of 2nd period - Wrist shot by Benoit Pouliot.
10:33 of 2nd period - Shot Blocked by Braydon Coburn.
10:35 of 2nd period - Slapshot by Mark Stuart.
10:35 of 2nd period - Stopped by Marc-André Fleury with a rebound.
10:37 of 2nd period - Slapshot by Colton Parayko.
10:37 of 2nd period - Stopped by Marc-André Fleury without a rebound.
10:38 of 2nd period - Frans Nielsen wins face-off versus Jordan Staal in Maple Leafs zone.
11:05 of 2nd period - Patrick Kane is hit by Colton Parayko and loses puck.
11:51 of 2nd period - Marc-Édouard Vlasic is hit by Shaone Morrisonn and loses puck.
12:17 of 2nd period - Benoit Pouliot is hit by John Klingberg and loses puck.
12:29 of 2nd period - Minor Penalty to Vitaly Vishnevsky for Holding.
12:30 of 2nd period - Jordan Staal wins face-off versus Dustin Boyd in Canadiens zone.
12:31 of 2nd period - Wrist shot by Patrick Kane.
12:31 of 2nd period - Shot Blocked by Mark Stuart.
14:29 of 2nd period - Penalty to Vitaly Vishnevsky is over, Vitaly Vishnevsky is back on ice.
14:45 of 2nd period - Alex Killorn is hit by Benoit Pouliot and loses puck.
15:10 of 2nd period - Taylor Chorney is hit by Bryce Lampman and loses puck.
16:03 of 2nd period - Nikolai Zherdev is hit by Beau Bennett and loses puck.
17:14 of 2nd period - Eric Nystrom is hit by Mark Stuart and loses puck.
17:29 of 2nd period - Fabian Brunnstrom is hit by Corey Perry and loses puck.
17:38 of 2nd period - Beau Bennett is hit by Benoit Pouliot and loses puck.
17:56 of 2nd period - Patrick Kane is hit by Pierre-Marc Bouchard and loses puck.
18:13 of 2nd period - Nate Thompson is hit by Greg Stewart and loses puck.
18:20 of 2nd period - Steve Downie is hit by Alex Killorn and loses puck.
18:35 of 2nd period - Wrist shot by Jordan Staal.
18:35 of 2nd period - Shot Misses the Net.
18:37 of 2nd period - Slapshot by Jordan Staal.
18:37 of 2nd period - Stopped by Henrik Lundqvist with a rebound.
18:39 of 2nd period - Snap shot by Ben Smith.
18:39 of 2nd period - Stopped by Henrik Lundqvist with a rebound.
18:41 of 2nd period - Slapshot by Ben Smith.
18:41 of 2nd period - Stopped by Henrik Lundqvist without a rebound.
18:42 of 2nd period - Brayden Schenn wins face-off versus Henrik Sedin in Canadiens zone.
18:44 of 2nd period - Minor Penalty to Colton Parayko for Tripping.
18:45 of 2nd period - Dustin Boyd wins face-off versus Jordan Staal in Canadiens zone.
19:25 of 2nd period - Icing by Marc-Édouard Vlasic.
19:26 of 2nd period - Brayden Schenn wins face-off versus Dustin Boyd in Maple Leafs zone.
19:55 of 2nd period - Slapshot by Marc-Édouard Vlasic.
19:55 of 2nd period - Stopped by Henrik Lundqvist with a rebound.
Goals for this period are 1 for Maple Leafs vs 0 for Canadiens.
Shots for this period are 8 for Maple Leafs vs 10 for Canadiens.
3rd period
0:01 of 3rd period - Dustin Boyd wins face-off versus Jordan Staal in neutral zone.
0:04 of 3rd period - Snap shot by Dustin Boyd.
0:04 of 3rd period - Shot Misses the Net.
0:15 of 3rd period - Wrist shot by Patrick Kane.
0:15 of 3rd period - Deflect By Fabian Brunnstrom.
0:15 of 3rd period - Stopped by Henrik Lundqvist without a rebound.
0:16 of 3rd period - Dustin Boyd wins face-off versus Jordan Staal in Canadiens zone.
0:44 of 3rd period - Penalty to Colton Parayko is over, Colton Parayko is back on ice.
0:46 of 3rd period - Wrist shot by Eric Nystrom.
0:46 of 3rd period - Shot Misses the Net.
1:33 of 3rd period - Patrick Kane is hit by Vitaly Vishnevsky and loses puck.
1:48 of 3rd period - Snap shot by Jordan Staal.
1:48 of 3rd period - Shot Misses the Net.
2:07 of 3rd period - Raphael Diaz is hit by Fabian Brunnstrom and loses puck.
2:32 of 3rd period - Slapshot by Alex Killorn.
2:32 of 3rd period - Stopped by Henrik Lundqvist without a rebound.
2:33 of 3rd period - Henrik Sedin wins face-off versus Nate Thompson in Canadiens zone.
2:43 of 3rd period - Wrist shot by Corey Perry.
2:43 of 3rd period - Goal by Corey Perry - Maple Leafs : 3 - Canadiens : 2.
2:44 of 3rd period - Jake Guentzel wins face-off versus Henrik Sedin in neutral zone.
3:13 of 3rd period - Wrist shot by Brayden Schenn.
3:13 of 3rd period - Shot Misses the Net.
3:29 of 3rd period - Wrist shot by Benoit Pouliot.
3:29 of 3rd period - Stopped by Marc-André Fleury without a rebound.
3:30 of 3rd period - Frans Nielsen wins face-off versus Jake Guentzel in Maple Leafs zone.
4:06 of 3rd period - Wrist shot by Dustin Boyd.
4:06 of 3rd period - Shot Misses the Net.
4:08 of 3rd period - Minor Penalty to Marc-Édouard Vlasic for Hooking.
4:09 of 3rd period - Henrik Sedin wins face-off versus Brayden Schenn in Maple Leafs zone.
4:16 of 3rd period - Backhand shot by Henrik Sedin.
4:16 of 3rd period - Shot Misses the Net.
4:20 of 3rd period - Snap shot by Benoit Pouliot.
4:20 of 3rd period - Goal by Benoit Pouliot - Maple Leafs : 3 - Canadiens : 3.
4:21 of 3rd period - Jake Guentzel wins face-off versus Henrik Sedin in neutral zone.
4:24 of 3rd period - Benoit Pouliot is hit by Patrick Kane and loses puck.
5:07 of 3rd period - Icing by Frans Nielsen.
5:08 of 3rd period - Frans Nielsen wins face-off versus Brayden Schenn in Canadiens zone.
5:30 of 3rd period - Icing by Shaone Morrisonn.
5:31 of 3rd period - Henrik Sedin wins face-off versus Jake Guentzel in Canadiens zone.
6:02 of 3rd period - Wrist shot by Jordan Staal.
6:02 of 3rd period - Goal by Jordan Staal - Maple Leafs : 4 - Canadiens : 3.
6:03 of 3rd period - Henrik Sedin wins face-off versus Jake Guentzel in neutral zone.
6:06 of 3rd period - Backhand shot by Henrik Sedin.
6:06 of 3rd period - Stopped by Marc-André Fleury without a rebound.
6:07 of 3rd period - Jake Guentzel wins face-off versus Henrik Sedin in Maple Leafs zone.
6:14 of 3rd period - Slapshot by John Klingberg.
6:14 of 3rd period - Stopped by Henrik Lundqvist without a rebound.
6:15 of 3rd period - Jake Guentzel wins face-off versus Henrik Sedin in Canadiens zone.
6:48 of 3rd period - Jordan Staal is hit by Steve Downie and loses puck.
7:03 of 3rd period - Snap shot by Brayden Schenn.
7:03 of 3rd period - Stopped by Henrik Lundqvist with a rebound.
7:27 of 3rd period - Slapshot by Blake Comeau.
7:27 of 3rd period - Shot Misses the Net.
7:29 of 3rd period - Slapshot by Kevin Shattenkirk.
7:29 of 3rd period - Deflect By Alex Killorn.
7:29 of 3rd period - Stopped by Henrik Lundqvist with a rebound.
7:31 of 3rd period - Snap shot by Nate Thompson.
7:31 of 3rd period - Stopped by Henrik Lundqvist without a rebound.
7:32 of 3rd period - Henrik Sedin wins face-off versus Jake Guentzel in Canadiens zone.
7:44 of 3rd period - Snap shot by Corey Perry.
7:44 of 3rd period - Goal by Corey Perry - Maple Leafs : 4 - Canadiens : 4.
7:45 of 3rd period - Henrik Sedin wins face-off versus Jake Guentzel in neutral zone.
8:59 of 3rd period - Snap shot by Patrick Kane.
8:59 of 3rd period - Deflect By Jake Guentzel.
8:59 of 3rd period - Goal by Jake Guentzel - Maple Leafs : 5 - Canadiens : 4.
9:00 of 3rd period - Henrik Sedin wins face-off versus Jake Guentzel in neutral zone.
9:03 of 3rd period - Corey Perry is hit by Jake Guentzel and loses puck.
9:16 of 3rd period - Wrist shot by Taylor Hall.
9:16 of 3rd period - Stopped by Henrik Lundqvist with a rebound.
9:50 of 3rd period - Snap shot by Pierre-Marc Bouchard.
9:50 of 3rd period - Stopped by Marc-André Fleury without a rebound.
9:51 of 3rd period - Jake Guentzel wins face-off versus Pierre-Marc Bouchard in Maple Leafs zone.
10:09 of 3rd period - Minor Penalty to Braydon Coburn for Slashing.
10:10 of 3rd period - Henrik Sedin wins face-off versus Brayden Schenn in Maple Leafs zone.
10:10 of 3rd period - Wrist shot by Benoit Pouliot.
10:10 of 3rd period - Stopped by Marc-André Fleury with a rebound.
10:12 of 3rd period - Snap shot by Benoit Pouliot.
10:12 of 3rd period - Shot Blocked by Ryan Parent.
10:14 of 3rd period - Slapshot by Raphael Diaz.
10:14 of 3rd period - Shot Blocked by Taylor Chorney.
10:24 of 3rd period - Snap shot by Corey Perry.
10:24 of 3rd period - Shot Blocked by Brayden Schenn.
10:26 of 3rd period - Slapshot by Raphael Diaz.
10:26 of 3rd period - Stopped by Marc-André Fleury without a rebound.
10:27 of 3rd period - Henrik Sedin wins face-off versus Brayden Schenn in Maple Leafs zone.
10:36 of 3rd period - Snap shot by Benoit Pouliot.
10:36 of 3rd period - Shot Misses the Net.
11:25 of 3rd period - Corey Perry is hit by Ben Smith and loses puck.
12:09 of 3rd period - Penalty to Braydon Coburn is over, Braydon Coburn is back on ice.
12:10 of 3rd period - Icing by Jordan Staal.
12:11 of 3rd period - Frans Nielsen wins face-off versus Nate Thompson in Maple Leafs zone.
12:40 of 3rd period - Snap shot by Pierre-Marc Bouchard.
12:40 of 3rd period - Shot Misses the Net.
12:42 of 3rd period - Slapshot by Pierre-Marc Bouchard.
12:42 of 3rd period - Canadiens goal is going for a video replay.
12:42 of 3rd period - The goal is refused. The goalkeeper has been pushed into the net together with the puck after making a save..
12:43 of 3rd period - Pierre-Marc Bouchard wins face-off versus Nate Thompson in Maple Leafs zone.
13:29 of 3rd period - Slapshot by Kevin Shattenkirk.
13:29 of 3rd period - Deflect By Alex Killorn.
13:29 of 3rd period - Shot Misses the Net.
13:29 of 3rd period - Puck is out of play.
13:30 of 3rd period - Jordan Staal wins face-off versus Henrik Sedin in Canadiens zone.
13:31 of 3rd period - Wrist shot by Eric Nystrom.
13:31 of 3rd period - Stopped by Henrik Lundqvist with a rebound.
13:41 of 3rd period - Snap shot by Eric Nystrom.
13:41 of 3rd period - Stopped by Henrik Lundqvist without a rebound.
13:42 of 3rd period - Henrik Sedin wins face-off versus Jake Guentzel in Canadiens zone.
13:59 of 3rd period - Wrist shot by Patrick Kane.
13:59 of 3rd period - Stopped by Henrik Lundqvist without a rebound.
14:00 of 3rd period - Frans Nielsen wins face-off versus Jordan Staal in Canadiens zone.
14:05 of 3rd period - Slapshot by Greg Stewart.
14:05 of 3rd period - Goal by Greg Stewart - Maple Leafs : 5 - Canadiens : 5.
14:06 of 3rd period - Henrik Sedin wins face-off versus Jake Guentzel in neutral zone.
14:06 of 3rd period - Henrik Sedin is hit by Jake Guentzel.
14:14 of 3rd period - Backhand shot by Benoit Pouliot.
14:14 of 3rd period - Stopped by Marc-André Fleury without a rebound.
14:15 of 3rd period - Henrik Sedin wins face-off versus Jake Guentzel in Maple Leafs zone.
14:44 of 3rd period - Snap shot by Corey Perry.
14:44 of 3rd period - Stopped by Marc-André Fleury with a rebound.
14:46 of 3rd period - Snap shot by Corey Perry.
14:46 of 3rd period - Shot Hit the Post.
14:48 of 3rd period - Slapshot by Mark Stuart.
14:48 of 3rd period - Deflect By Benoit Pouliot.
14:48 of 3rd period - Shot Misses the Net.
14:48 of 3rd period - Puck is out of play.
14:49 of 3rd period - Steve Downie wins face-off versus Jordan Staal in Maple Leafs zone.
15:01 of 3rd period - Minor Penalty to Braydon Coburn for Interference.
15:02 of 3rd period - Henrik Sedin wins face-off versus Brayden Schenn in Maple Leafs zone.
16:20 of 3rd period - Henrik Sedin is hit by Kevin Shattenkirk and loses puck.
17:01 of 3rd period - Penalty to Braydon Coburn is over, Braydon Coburn is back on ice.
17:28 of 3rd period - Bryce Lampman is hit by Eric Nystrom and loses puck.
17:49 of 3rd period - Vitaly Vishnevsky is hit by Braydon Coburn and loses puck.
17:56 of 3rd period - Slapshot by Colton Parayko.
17:56 of 3rd period - Shot Misses the Net.
18:06 of 3rd period - Pierre-Marc Bouchard is hit by Braydon Coburn and loses puck.
18:18 of 3rd period - Wrist shot by Eric Nystrom.
18:18 of 3rd period - Stopped by Henrik Lundqvist without a rebound.
18:19 of 3rd period - Dustin Boyd wins face-off versus Brayden Schenn in Canadiens zone.
18:44 of 3rd period - Shaone Morrisonn is hit by John Klingberg and loses puck.
18:53 of 3rd period - Wrist shot by Patrick Kane.
18:53 of 3rd period - Shot Misses the Net.
18:55 of 3rd period - Slapshot by Ryan Parent.
18:55 of 3rd period - Stopped by Henrik Lundqvist without a rebound.
18:56 of 3rd period - Henrik Sedin wins face-off versus Brayden Schenn in Canadiens zone.
19:09 of 3rd period - Henrik Sedin is hit by Beau Bennett and loses puck.
19:53 of 3rd period - Icing by Corey Perry.
19:54 of 3rd period - Jordan Staal wins face-off versus Dustin Boyd in Canadiens zone.
Goals for this period are 2 for Maple Leafs vs 4 for Canadiens.
Shots for this period are 14 for Maple Leafs vs 12 for Canadiens.
Overtime #1
0:01 of 1st overtime period - Pierre-Marc Bouchard wins face-off versus Jordan Staal in neutral zone.
0:44 of 1st overtime period - Snap shot by Henrik Sedin.
0:44 of 1st overtime period - Deflect By Benoit Pouliot.
0:44 of 1st overtime period - Goal by Benoit Pouliot - Maple Leafs : 5 - Canadiens : 6.
Goals for this period are 0 for Maple Leafs vs 1 for Canadiens.
Shots for this period are 0 for Maple Leafs vs 1 for Canadiens.
Back to the Top